 Dungeon Crawl Stone Soup version 0.20-a0-1006-ge6c5631 (webtiles) character file.

160 Ordine the Slasher (level 5, -3/32 HPs)
             Began as a Tengu Fighter on Apr 14, 2017.
             Killed from afar by an orc wizard (9 damage)
             ... with a puff of flame
             ... on level 3 of the Dungeon.
             The game lasted 00:04:19 (2413 turns).

Ordine the Slasher (Tengu Fighter)                  Turns: 2413, Time: 00:04:20

Health: -3/32      AC:  6    Str: 18    XL:     5   Next: 41%
Magic:  6/6        EV:  7    Int:  8    God:
Gold:   59         SH:  9    Dex: 13    Spells: 4/4 levels left

rFire    . . .     SeeInvis .   a - +0 long sword
rCold    . . .     Gourm    .   c - +0 shield
rNeg     + . .     Faith    .   b - +0 scale mail
rPois    .         Spirit   .   (helmet restricted)
rElec    .         Reflect  .   (no cloak)
rCorr    .         Harm     .   (no gloves)
MR       .....                  (boots unavailable)
Stlth    ..........             (no amulet)
Regen    0.1/turn               n - ring of positive energy
MPRegen  0.1/turn               (no ring)

@: no status effects
A: beak, talons 3, able to fly 1
a: Fly


You were on level 3 of the Dungeon.
You were not hungry.

You visited 1 branch of the dungeon, and saw 3 of its levels.

You collected 59 gold pieces.

Inventory:

Hand Weapons
 a - a +0 long sword (weapon)
Armour
 b - a +0 scale mail (worn)
 c - a +0 shield (worn)
Jewellery
 n - a ring of positive energy (left hand)
Wands
 o - a wand of confusion (32/48)
Scrolls
 e - 2 scrolls of identify
 k - 2 scrolls of teleportation
 l - 2 scrolls of immolation
 m - 3 scrolls of remove curse
 q - a scroll of magic mapping {unknown}
Potions
 d - a potion of might
 h - a potion of curing
Comestibles
 f - 3 bread rations
 g - 6 chunks of flesh
 i - a royal jelly
 j - 2 meat rations
 p - 4 fruits


   Skills:
 - Level 3.0 Fighting
 + Level 6.0 Long Blades
 - Level 3.2 Armour
 - Level 3.0 Shields


You had 4 spell levels left.
You didn't know any spells.

Dungeon Overview and Level Annotations

Branches:
Dungeon (3/15)

Altars:


Innate Abilities, Weirdness & Mutations

You have a beak for a mouth.
You have claws for feet.
You can fly.


Message History

The orc wizard hits you but does no damage.
The orc wizard points at you and mumbles some strange words.
The magic dart hits you!
The orc wizard gestures wildly while chanting.
The orc wizard blinks!
You block the orc wizard's attack. The goblin hits you with a dagger.
You barely miss the orc wizard.
The orc wizard points at you and mumbles some strange words.
The magic dart hits you!
The orc wizard gestures at you while chanting.
The puff of frost hits you!
* * * LOW HITPOINT WARNING * * *
The orc wizard hits you but does no damage.
The goblin barely misses you.
The orc wizard casts a spell.
The orc wizard blinks!
Okay, then.
The orc wizard gestures at you while chanting.
The puff of flame hits you!
You die...

..............##....###
.##...###.##...........
#
....####..†....#......
.....###...####.# .....
..........## #.# ....
.....###g## #.# ###
.... #.o# #.. ... ##.#
### #@# #.# #.. ##..
###


You could see an orc wizard and a goblin.

Vanquished Creatures
  An orc priest (D:3)
  Robin (D:2)
  3 adders
  An ooze (D:1)
  A worm (D:2)
  3 dart slugs (D:1)
  6 orcs (D:3)
  A giant cockroach (D:1)
  15 goblins
  15 hobgoblins
  4 jackals (D:1)
  6 bats
  A frilled lizard (D:3)
  3 kobolds
  8 rats
69 creatures vanquished.

Notes
Turn   | Place    | Note
-------+----------+-------------------------------------------
     0 | D:1      | Ordine the Tengu Fighter began the quest for the Orb.
     0 | D:1      | Reached XP level 1. HP: 14/14 MP: 2/2
   263 | D:1      | Reached XP level 2. HP: 19/19 MP: 3/3
   268 | D:1      | Reached skill level 3 in Long Blades
   947 | D:1      | Reached XP level 3. HP: 23/23 MP: 4/4
  1019 | D:1      | Reached skill level 4 in Long Blades
  1660 | D:2      | Noticed Robin
  1676 | D:2      | Reached XP level 4. HP: 27/28 MP: 5/5
  1685 | D:2      | Killed Robin
  1715 | D:2      | Reached skill level 5 in Long Blades
  2213 | D:3      | Gained mutation: You can fly. [Tengu growth]
  2213 | D:3      | Reached XP level 5. HP: 27/32 MP: 6/6
  2405 | D:3      | Reached skill level 6 in Long Blades
  2413 | D:3      | Killed from afar by an orc wizard

Vault maps used:
D:1:      dpeg_arrival_shrine, minmay_misc_feat_more_columns
D:2:      nicolae_overflow_hidden_temple, first_bread, grunt_decor_arrowhead,
          uniq_robin
D:3:      old_standard_altar, lemuel_crystal_altar, dk_xom_monty_hall

Skill      XL: |  1  2  3  4  5 |
---------------+----------------+-----
Long Blades    | 3 4 5 6 |  6.0
Fighting       | |  3.0
Armour         | |  3.2
Shields        | |  3.0

Action                   |  1- 3 |  4- 6 || total
-------------------------+-------+-------++-------
Melee: Long sword        |    98 |    70 ||   168
       Kick              |    20 |    20 ||    40
       Peck              |    14 |    13 ||    27
  Use: Potion            |     2 |       ||     2
       Scroll            |     3 |     2 ||     5
  Eat: Chunk             |     2 |     3 ||     5
Armor: Scale mail        |    46 |    19 ||    65
Dodge: Dodged            |    17 |    17 ||    34
Block: Shield            |    55 |    29 ||    84
       Rpst.: Long sword |     3 |     6 ||     9
